 Dungeon Crawl Stone Soup version 0.23.1-37-gaa34b87 (webtiles) character file.

Game seed: 14301369562978326881

43 Borgoz the Skirmisher (level 3, -3/33 HPs)
             Began as a Ghoul Monk on Mar 22, 2019.
             Slain by a hobgoblin
             ... wielding a +0 club
              (7 damage)
             ... on level 2 of the Dungeon.
             The game lasted 00:02:37 (788 turns).

Borgoz the Skirmisher (Ghoul Monk)                   Turns: 788, Time: 00:02:38

Health: -3/33      AC:  2    Str: 14    XL:     3   Next: 58%
Magic:  2/2        EV: 13    Int:  6    God:
Gold:   113        SH:  0    Dex: 11    Spells: 2/2 levels left

rFire    . . .     SeeInvis .   a - +0 short sword
rCold    + . .     Gourm    .   (no shield)
rNeg     + + +     Faith    .   b - +0 robe
rPois    ∞         Spirit   .   (no helmet)
rElec    .         Reflect  .   (no cloak)
rCorr    .         Harm     .   (no gloves)
MR       .....                  (no boots)
Stlth    ++........             (no amulet)
HPRegen  0.00/turn              (no ring)
MPRegen  0.08/turn              (no ring)

@: rotting
A: rotting body, claws 1, carnivore, cold resistance 1, negative energy
resistance 3, inhibited regeneration, torment resistance, unbreathing
a: no special abilities


You were on level 2 of the Dungeon.
You were not hungry.

You visited 1 branch of the dungeon, and saw 2 of its levels.

You collected 113 gold pieces.

Inventory:

Hand Weapons
 a - a +0 short sword (weapon)
Armour
 b - a +0 robe (worn)
Scrolls
 i - a scroll of fog {unknown}
 j - a scroll of magic mapping {unknown}
Potions
 d - a potion of mutation
 e - a potion of resistance
 h - a potion of invisibility {unknown}
Comestibles
 c - 4 rations
 f - a chunk of flesh


   Skills:
 + Level 4.0 Fighting
 * Level 3.2 Short Blades
 + Level 0.0 Armour
 * Level 2.9 Dodging
 + Level 2.3 Stealth


You had 2 spell levels left.
You didn't know any spells.
Your spell library was empty.

Dungeon Overview and Level Annotations

Branches:
Dungeon (2/15)

Altars:

Annotations:
D:2 Robin


Innate Abilities, Weirdness & Mutations

Your body is rotting away.
You thrive on raw meat.
You are immune to poison.
You have sharp fingernails.
You are carnivorous and can eat meat at any time.
Your flesh is cold resistant. (rC+)
You are immune to negative energy. (rN+++)
You do not regenerate when monsters are visible.
You are immune to unholy pain and torment.
You can survive without breathing.


Message History

The jackal misses you. The jackal bites you.
You hit the jackal.
You kill the jackal!
You see here 5 gold pieces.
You now have 113 gold pieces (gained 5).
The scorpion stings you but does no damage.
The gnoll barely misses you.
You open the door.
A hobgoblin comes into view. It is wielding a +0 club.
The hobgoblin shouts!
The scorpion stings you. The gnoll closely misses you.
Found 7 gold pieces.
You hit the hobgoblin but do no damage. The scorpion barely misses you.
The gnoll hits you from afar with a cursed +0 spear.
You hit the hobgoblin but do no damage. The hobgoblin closely misses you.
The scorpion stings you!
The gnoll hits you from afar with a cursed +0 spear!
* * * LOW HITPOINT WARNING * * *
You closely miss the hobgoblin. The hobgoblin hits you with a +0 club!
You die...

# .+ .$# .... ...>.
..... ###....
####...... ..#.#..
#.@g......###.#.#..
#s##........#.#.#.#
#g# .....#.#.#.#.#
#.# ....#.#.#.#.#
#.# ...#.#...#.#
#.# ###.#...... #.#
#.#.###.# #.#
#####.#(..... #.#
#...÷.(.....#


You could see a scorpion, a gnoll and a hobgoblin.

Vanquished Creatures
  A dart slug (D:1)
  A leopard gecko (D:2)
  2 ball pythons
  2 bats (D:1)
  8 goblins (D:1)
  4 hobgoblins (D:1)
  5 jackals
  2 frilled lizards (D:1)
  6 kobolds
  3 rats (D:1)
34 creatures vanquished.

Notes
Turn   | Place    | Note
-------+----------+-------------------------------------------
     0 | D:1      | Borgoz the Ghoul Monk began the quest for the Orb.
     0 | D:1      | Reached XP level 1. HP: 19/19 MP: 0/0
   106 | D:1      | Reached XP level 2. HP: 27/27 MP: 1/1
   172 | D:2      | Noticed Robin
   339 | D:1      | Reached XP level 3. HP: 17/33 MP: 2/2
   440 | D:1      | Reached skill level 4 in Fighting
   756 | D:2      | Noticed a scorpion
   788 | D:2      | Slain by a hobgoblin

Skill      XL: |  1  2  3 |
---------------+----------+-----
Short Blades   | 3 |  3.2
Fighting       | 4 |  4.0
Dodging        | |  2.9
Stealth        | |  2.3

Action                   || total
-------------------------++-------
Melee: Short sword       ||   122
  Use: Potion            ||     1
       Scroll            ||     2
  Eat: Chunk             ||    17
Armor: Robe              ||    33
Dodge: Dodged            ||   107
